 Dungeon Crawl Stone Soup version 0.30-a0-862-g1aabd4f9c5 (webtiles) character file.

Game seed: 11456097681757295441

74 BigDaddyOpFi the Covered (level 4, -2/60 HPs)
             Began as an Armataur Berserker on Mar 8, 2023.
             Was a Believer of Trog.
             Slain by an orc
             ... wielding a +0 trident
              (4 damage)
             ... on level 3 of the Dungeon.
             The game lasted 00:01:59 (1805 turns).

BigDaddyOpFi the Covered (Armataur Berserker)       Turns: 1805, Time: 00:01:59

Health: -2/60      AC:  8    Str: 25    XL:     4   Next: 9%
Magic:  4/4        EV:  7    Int:  7    God:    Trog [**....]
Gold:   134        SH:  3    Dex:  9    Spells: 3/3 levels left

rFire   x . .      SeeInvis .    a - +0 falchion
rCold   + + .      Faith    .    d - +0 buckler
rNeg    . . .      Spirit   .    g - +0 ice dragon scales
rPois   .          Reflect  .    (no helmet)
rElec   .          Roll     +    (no cloak)
rCorr   .                        (no gloves)
Will    .....                    (no barding) Stlth
                                 (no amulet)
HPRegen 0.30/turn                (no ring)
MPRegen 0.09/turn                (no ring)

@: berserking, very quick
A: large, rugged brown scales 3, deformed body, armoured tail, roll, long
tongue, awkward tongue
a: Renounce Religion, Berserk, Trog's Hand


You were on level 3 of the Dungeon.
You worshipped Trog.
Trog was pleased with you.
You visited 1 branch of the dungeon, and saw 3 of its levels.

You collected 134 gold pieces.

Inventory:

Hand Weapons
 a - a +0 falchion (weapon)
Armour
 d - a +0 buckler (worn)
 g - +0 ice dragon scales (worn)
 h - a +0 chain mail
Scrolls
 f - 3 scrolls of vulnerability {unknown}
Potions
 b - 2 potions of curing
 c - a potion of brilliance {unknown}
 e - a potion of attraction {unknown}


   Skills:
 + Level 3.2 Fighting
 + Level 3.2 Long Blades
 + Level 3.3 Armour
 - Level 2.0 Dodging
 + Level 0.2 Shields


You had 3 spell levels left.
You didn't know any spells.
Your spell library was empty.

Dungeon Overview and Level Annotations

Branches:
Dungeon (3/15)

Altars:


Innate Abilities, Weirdness & Mutations

You are completely covered in rugged brown scales. (AC +3, +7% HP)
Armour fits poorly on your strangely shaped body.
You have a long armoured tail.
You roll when moving toward enemies. (Rampage)
Your long tongue fully drains potion bottles. (2x potion effects)
Your tongue gives you trouble enunciating. (1.5x scroll delay)


Message History

The orc hits you with a +0 mace. The orc barely misses you.
The rat barely misses you. The orc barely misses you.
The orc hits you from afar with a +0 trident.
The orc wizard gestures wildly while chanting.
The orc wizard flickers and vanishes!
Deactivating autopickup; reactivate with Ctrl-A.
You hit the orc.
Your tail-slap misses the orc.
The orc is severely wounded.
You feel less confused. The orc hits you with a +0 mace. The rat bites you.
* * * LOW HITPOINT WARNING * * *
The orc barely misses you.
The orc hits you from afar with a +0 trident.
* * * LOW HITPOINT WARNING * * *
You hear some strange, mumbled words.
A magic dart appears from out of thin air!
The magic dart hits you.
* * * LOW HITPOINT WARNING * * *
You closely miss something. You miss something. The orc barely misses you.
The rat bites you but does no damage. The orc hits you but does no damage.
The orc hits you from afar with a +0 trident.
* * * LOW HITPOINT WARNING * * *
Something hits you.
* * * LOW HITPOINT WARNING * * *
The orc hits you but does no damage.
You hit the orc.
You kill the orc!
Trog accepts your kill. The rat bites you but does no damage.
The orc closely misses you.
You hear some strange, mumbled words.
A magic dart appears from out of thin air!
The magic dart hits you.
* * * LOW HITPOINT WARNING * * *
You block the orc's attack.
You hit something. You block the rat's attack.
The orc hits you with a +0 dagger.
* * * LOW HITPOINT WARNING * * *
The orc hits you from afar with a +0 trident.
You die...

....##.............#
...................#
.........#.........#
^........#.........#
......................
.........#............
.........#############
........###########
......#..#o@r......
########..{oo......
###...o.....
...........
#......#.....
#......#..... #......#
.... #....... ....
......... ...


You could see 4 orcs and a rat.

Vanquished Creatures
  2 adders (D:2)
  A worm (D:2)
  A dart slug (D:2)
  3 orcs (D:3)
  4 bats
  3 endoplasms
  A goblin (D:1)
  5 hobgoblins
  8 quokkas
  7 ball pythons
  5 frilled lizards
  3 kobolds
  5 rats
48 creatures vanquished.

Notes
Turn   | Place    | Note
-------+----------+-------------------------------------------
     0 | D:1      | BigDaddyOpFi the Armataur Berserker began the quest for the
                  | Orb.
     0 | D:1      | Reached XP level 1. HP: 19/19 MP: 1/1
   197 | D:1      | Reached XP level 2. HP: 26/26 MP: 2/2
   475 | D:1      | Reached ** piety under Trog
   895 | D:2      | Reached XP level 3. HP: 16/33 MP: 3/3
  1765 | D:3      | Reached XP level 4. HP: 40/40 MP: 4/4
  1804 | D:3      | HP: 3/60 [something/magic dart (6)]
  1805 | D:3      | Slain by an orc

Illustrated notes

Levels and vault maps discovered:
D:1:      dpeg_arrival_tiny_a, layout_loops_cross, minmay_statues_item
D:2:      layout_rooms
D:3:      layout_basic

Skill      XL: |  1  2  3 |
---------------+----------+-----
Fighting       | 3 |  3.2
Long Blades    | 3 |  3.2
Armour         | 3 |  3.3
Dodging        | 2 |  2.0
Shields        | |  0.2

Action                     |  1- 3 |  4- 6 || total
---------------------------+-------+-------++-------
  Melee: Falchion          |   163 |    16 ||   179
         Tailslap          |    22 |       ||    22
         Punch             |     2 |       ||     2
 Invoke: Berserk           |     3 |     1 ||     4
    Use: Scroll            |     2 |       ||     2
 Armour: Animal skin       |    13 |       ||    13
         Scale mail        |    27 |       ||    27
         Ice dragon scales |    40 |    16 ||    56
  Dodge: Dodged            |    94 |    17 ||   111
  Block: Buckler           |       |     4 ||     4

Table legend: (Time is in decaauts)
 A = Elapsed time spent in this place.
 B = Non-inter-level travel time spent in this place.
 C = Inter-level travel time spent in this place.
 D = Time resting spent in this place.
 E = Time spent auto-exploring this place.
 F = Levels seen in this place.
 G = Mean time per level.
                   A        B        C        D        E       F      G
               +--------+--------+--------+--------+--------+-----+--------+
         Total |   1851 |   1797 |     54 |    507 |    909 |   3 |  617.0 |
       Dungeon |   1851 |   1797 |     54 |    507 |    909 |   3 |  617.0 |
               +--------+--------+--------+--------+--------+-----+--------+

Top non-repeatable levels by time:
     D:2: 1017 daAuts
     D:1: 780 daAuts
     D:3: 54 daAuts
